Get step-by-step instructions on how to execute this build order below. Start the game timer, and the build order will tick by so you can play in parallel with StarCraft on a second screen or mobile device.

Game Time

  0:00

Last Step

  N/A

Next Step

Upcoming Step



Don't want to look back and forth between 2 screens? Try out our Overwolf App, the Spawning Tool Build Advisor to get an in-game overlay with this build!

Complete Build Order

  12  0:01  SCV  
  13  0:13  SCV  
  14  0:17  Supply Depot  
  14  0:26  SCV  
  15  0:39  Barracks, SCV  
  16  0:44  Refinery  
  16  0:51  SCV  
  17  1:03  SCV  
  18  1:15  SCV  
  19  1:29  Reaper  
  19  1:30  Orbital Command  
  20  1:40  Command Center  
  20  1:51  Supply Depot  
  20  1:57  SCV  
  21  2:01  Marine  
  22  2:09  SCV  
  22  2:12  Factory  
  23  2:22  Barracks Reactor, SCV  
  24  2:40  Command Center, SCV  
  25  2:54  Orbital Command  
  25  3:08  Starport  
  25  3:09  SCV  
  25  3:11  Barracks Tech Lab, Refinery  
  28  3:20  Hellion x2  
  28  3:22  SCV  
  28  3:23  SCV  
  32  3:34  SCV  
  32  3:35  SCV  
  36  3:41  Hellion x2  
  36  3:48  SCV x2  
  40  3:51  Banshee  
  40  3:53  Orbital Command  
  43  4:00  Cloaking Field, SCV x2  
  45  4:06  Hellion  
  45  4:07  Hellion  
  49  4:12  SCV x2  
  49  4:15  Barracks Tech Lab  
  51  4:20  SCV  
  52  4:24  SCV x2  
  52  4:26  Supply Depot  
  54  4:32  SCV  
  54  4:36  Banshee, SCV  
  54  4:37  SCV  
  60  4:39  Marine  
  61  4:46  Barracks  
  61  4:47  Barracks, SCV  
  61  4:49  SCV x2  
  61  4:50  Supply Depot  
  61  4:51  Factory Reactor  
  64  4:53  Stimpack  
  64  4:54  Supply Depot  
  64  4:59  SCV  
  65  5:01  SCV x2  
  65  5:02  Engineering Bay  
  65  5:04  Engineering Bay  
  67  5:10  Refinery  
  67  5:11  Orbital Command, Marine, Refinery  
  68  5:19  Supply Depot  
  68  5:23  Supply Depot  
  68  5:28  SCV x2  
  70  5:33  Terran Infantry Weapons Level 1, Terran Infantry Armor Level 1  
  70  5:37  Marine x2, SCV  
  70  5:40  Starport Reactor, SCV x2  
  75  5:46  Barracks x2  
  75  5:48  Marine x3  
  75  5:49  SCV  
  79  5:52  SCV x2  
  79  5:54  Marine  
  79  5:55  Marine  
  83  6:00  Siege Tank  
  83  6:01  SCV  
  87  6:05  SCV x2  
  87  6:06  Marine x2  
  87  6:08  Marine  
  92  6:12  Marine  
  92  6:13  SCV  
  92  6:14  Marine  
  92  6:18  Medivac x2, Refinery  
  97  6:19  SCV x2  
  97  6:22  Supply Depot  
  97  6:24  Supply Depot, Marine  
  102  6:26  Marine x2  
  104  6:33  SCV x3  
  107  6:42  Barracks Reactor x2  
  107  6:45  SCV  
  108  6:48  Medivac x2  
  108  6:49  Armory  
  108  6:53  Combat Shield, Marine  
  108  6:54  Marine x4  
  117  7:06  Factory  
  117  7:08  Command Center  
  117  7:09  Siege Tank  
  117  7:11  Marine  
  117  7:12  Supply Depot, Marine x4  
  117  7:13  Supply Depot  
  117  7:14  Supply Depot  
  125  7:18  SCV x2  
  125  7:21  SCV  
  128  7:24  Refinery  
  128  7:27  Marine x4  
  128  7:29  Marine  
  133  7:34  SCV x2, Marine x3  
  138  7:42  Marine  
  139  7:45  Marine  
  139  7:47  Marine  
  139  7:48  Marine x3  
  139  7:49  Terran Infantry Weapons Level 2, Siege Tank, Terran Infantry Armor Level 2, Medivac x2  
  151  7:52  Marine  
  149  8:08  Marine  
  149  8:09  Marine x7  
  157  8:16  Factory Tech Lab  
  157  8:17  Supply Depot x2  
  157  8:19  Medivac x2, Marine  
  162  8:21  Siege Tank  
  162  8:25  Missile Turret  
  162  8:26  Marine  
  162  8:27  Marine x7  
  167  8:37  Marine  
  167  8:38  Siege Tank  
  171  8:44  Marine x5  
  171  8:45  Marine  
  177  8:48  Barracks  
  177  8:49  Barracks, Medivac x2  
  177  8:52  Barracks  
  177  8:53  Siege Tank  
  184  9:08  Supply Depot  
  172  9:34  Marine x2  
  172  9:35  Marine x7  
  172  9:36  Siege Tank x2, Medivac x2  
  190  9:52  Marine x3  
  192  9:53  Marine x3  
  192  9:59  Marauder  
  195  10:03  Marine x2  
  173  10:10  Marine x6  
  176  10:17  Siege Tank x2  
  176  10:18  Barracks Tech Lab  
  176  10:19  Barracks Tech Lab x2  
  176  10:20  Marine  
  176  10:21  Planetary Fortress, Marine x2, Ghost Academy  
  183  10:23  SCV  
  183  10:24  SCV x2  
  184  10:35  SCV  
  184  10:36  SCV x2  
  184  10:38  Marauder  
  187  10:47  SCV  
  187  10:48  Marauder x2, SCV x2  
  187  10:49  Marauder, Marine x2  
  193  10:50  Marine x3  
  193  10:56  Supply Depot  
  196  11:15  Terran Infantry Armor Level 3, Terran Infantry Weapons Level 3, Marine  
  196  11:16  Marine x2  
  196  11:17  Marauder, SCV, Marine  
  196  11:18  Marine x2  
  200  11:19  Marine x2  
  170  11:33  Marine  
  170  11:34  Marine x5  
  170  11:35  Siege Tank x2, Medivac x2, Marine  
  170  11:36  Marine x2  
  170  11:37  Marine x2  
  170  11:39  Marauder  
  181  11:46  Refinery  
  181  11:48  Command Center, Refinery  
  181  11:51  Ghost x2, Marine  
  181  11:52  Marauder  
  188  11:59  Ghost  
  190  12:04  Marine x2  
  192  12:13  Ghost  
  194  12:15  Command Center x2  
  194  12:20  Ghost  
  194  12:21  Marauder  
  198  12:28  Ghost  
  171  12:41  Ghost x2  
  171  12:42  Marine  
  171  12:43  Marine x7  
  166  12:49  Marine  
  152  12:57  Siege Tank x2, Marine  
  156  13:00  Marine x2  
  156  13:01  Marine x6  
  156  13:04  Orbital Command  
  164  13:06  Missile Turret  
  164  13:07  Marauder  
  164  13:10  Marine x2  
  168  13:15  Marine  
  168  13:17  Liberator x2  
  168  13:18  Marine x7  
  168  13:19  Marine  
  183  13:28  Marine x3  
  183  13:33  Marauder  
  188  13:36  Marine x2  
  190  13:46  Marauder  
  171  14:13  Marine  
  171  14:14  Marauder  
  172  14:24  Liberator x2  
  172  14:25  Marine x2  
  172  14:26  Marauder  
  175  14:44  Marauder x2  
  176  14:46  Marauder, Marine x2  
  176  14:47  Marauder  
  176  14:52  Marine x6  
  185  15:04  Marine x2  
  185  15:05  Marauder, Marine  
  190  15:07  Medivac x2, Marine  
  190  15:09  Marauder  
  190  15:10  Orbital Command, Marine x3  
  200  15:33  Marine  
  200  15:34  Marauder x2, Marine  
  200  15:35  Marauder  
  184  15:44  Marine  
  184  15:45  Marauder, Marine x5  
  184  15:47  Planetary Fortress  
  189  15:51  Marine  
  189  15:54  Liberator  
  189  15:55  Liberator  
  189  15:56  Siege Tank x2, Marauder  
  185  16:08  Marauder x3, Marine x6  
  185  16:09  Marine x2  
  199  16:25  Marine  
  199  16:27  Command Center  
  199  16:32  Starport  
  200  16:34  Terran Ship Weapons Level 1  
  200  16:46  Marine x3  
  198  16:56  Marine x4  
  198  16:57  Marine x4  
  197  17:06  Marine x4  
  196  17:14  Marine x5  
  200  17:17  Marine, Marauder  
  190  17:23  Marine x2  
  190  17:24  Marine  
  190  17:25  Marauder  
  170  18:01  Command Center  
  161  18:17  Marine x3  
  161  18:18  Marauder x4, Marine x5  
  161  18:19  Siege Tank  
  158  18:20  Siege Tank  
  151  18:35  Marine x4  
  151  18:36  Marine x3  
  151  18:39  Marauder x3  
  151  18:40  Marauder  
  150  18:50  Marine  
  150  18:52  Medivac x2  
  150  18:53  Marine x6  
  150  18:54  Marine  
  162  18:59  Refinery  
  162  19:00  Refinery  
  162  19:01  Marauder x4  
  170  19:08  Marine  
  171  19:10  Marine  
  171  19:14  Planetary Fortress  
  171  19:16  Marine  
  171  19:17  Marine x4  
  173  19:22  Marauder x4  
  182  19:43  Marauder x2, Marine  
  182  19:44  Marauder  
  182  19:45  Planetary Fortress  
  171  19:46  Marine x3  
  171  19:47  Marauder  
  145  19:55  Marine  
  145  19:56  Marine x2  
  145  19:59  Marine  
  149  20:00  Marine  
  149  20:04  Marine x3  
  149  20:05  Marauder x3  
  159  20:09  Marauder  
  159  20:13  Unknown  
  161  20:24  Siege Tank x2  
  161  20:26  Ghost, Marauder x2  
  173  20:29  Ghost  
  173  20:33  Marine  
  176  20:41  Marine x7  
  183  20:47  Ghost x2  
  187  20:51  Marine  
  187  20:54  Ghost  
  189  20:58  Ghost  
  179  21:07  Marine x2  
  179  21:09  Liberator  
  171  21:16  Marauder x2  
  171  21:17  Marine x4  
  163  21:26  Missile Turret  
  163  21:27  Marauder, Marine  
  166  21:40  Marauder x3  
  112  22:04  Marine  
  112  22:05  Marine x11  
  106  22:22  Marine  
  90  22:23  Marine